 Dungeon Sprint DCSS version 0.22.1-1-ga44c0e56f4 (webtiles) character file.

197 MuseOD the Covert (level 5, 0/30 HPs)
             Began as a Spriggan Enchanter on Sept 23, 2018.
             Was a Follower of Dithmenos.
             Slain by a wolf (11 damage)
             ... in the Dungeon (Sprint V: "Ziggurat Sprint").
             The game lasted 00:01:37 (88 turns).

MuseOD the Covert (Spriggan Enchanter)                Turns: 88, Time: 00:01:37

Health: 0/30       AC:  2    Str:  4    XL:     5   Next: 46%
Magic:  4/10       EV: 18    Int: 17    God:    Dithmenos [*.....]
Gold:   0          SH:  0    Dex: 17    Spells: 3/9 levels left

rFire    . . .     SeeInvis +   c - +5 quick blade
rCold    . . .     Gourm    .   (shield restricted)
rNeg     . . .     Faith    .   b - +0 robe
rPois    .         Spirit   .   (helmet restricted)
rElec    .         Reflect  .   (no cloak)
rCorr    .         Harm     .   (gloves unavailable)
MR       .....     NoTele   +   (boots unavailable)
Stlth    +++++.....             (no amulet)
HPRegen  0.10/turn              (no ring)
MPRegen  0.12/turn              (no ring)

@: wreathed by umbra, very quick
A: very small, unfitting armour, see invisible, herbivore, speed 3, slow
metabolism 2
a: Renounce Religion


You were in the Dungeon.
You worshipped Dithmenos.
Dithmenos was aware of your devotion.
You were not hungry.

You visited 1 branch

Inventory:

Hand Weapons
 a - a +1 dagger
 c - a +5 quick blade (weapon)
Armour
 b - a +0 robe (worn)
Jewellery
 y - a +6 ring of dexterity
 z - a +6 ring of dexterity
 A - a +6 ring of intelligence
 B - a +6 ring of intelligence
 C - a +6 ring of strength
 D - a +6 ring of strength
Wands
 t - a wand of disintegration (7)
 w - a wand of iceblast (7)
 x - a wand of acid (7)
Scrolls
 j - 4 scrolls of blinking
 k - 4 scrolls of amnesia
 l - 7 scrolls of fog
 m - a scroll of holy word
 n - 5 scrolls of identify
 o - 5 scrolls of remove curse
 p - 2 scrolls of fear
Potions
 e - 10 potions of curing
 f - 10 potions of heal wounds
 g - 10 potions of haste
 h - 7 potions of magic
 i - 3 potions of berserk rage
 q - 2 potions of brilliance
 r - 2 potions of invisibility
 s - 4 potions of resistance
 u - 5 potions of agility
 v - 5 potions of might
Comestibles
 d - 7 rations


   Skills:
 + Level 4.9 Fighting
 * Level 9.4 Short Blades
 - Level 3.0 Dodging
 + Level 10.3 Stealth
 - Level 2.6 Spellcasting
 - Level 3.6 Hexes


You had 3 spell levels left.
You knew the following spells:

 Your Spells              Type           Power        Failure   Level  Hunger
a - Corona                Hex            ##.....      4%          1    #......
b - Ensorcelled Hibernat  Hex/Ice        #.....       13%         2    ##.....
c - Confuse               Hex            ##......     12%         3    ###....

Your spell library contained the following spells:

 Spells                   Type           Power        Failure   Level  Hunger
 Confusing Touch          Hex            ##....       4%          1    #......
 Tukima's Dance           Hex            ##......     12%         3    ###....
 Infusion                 Chrm           #...         19%         1    #......
 Dazzling Spray           Conj/Hex       #.....       26%         3    ###....
 Fulminant Prism          Conj/Hex       #.........   65%         4    #####..
 Summon Mana Viper        Hex/Summ       #.......     94%         5    ######.
 Ring of Flames           Chrm/Fire      #.........   100%        7    #######


Dungeon Overview and Level Annotations

Branches:
Dungeon (1/1)

Altars:
Ashenzari
Cheibriados
Dithmenos
Elyvilon
Fedhas
Gozag
Hepliaklqana
Kikubaaqudgha
Makhleb
Nemelex Xobeh
Okawaru
Qazlal
Ru
Sif Muna
Trog
Uskayaw
Vehumet
Wu Jian
Xom
Yredelemnul
Zin
The Shining One
Beogh
Jiyva
Lugonu

Annotations:
D 1 transporter


Innate Abilities, Weirdness & Mutations

You are very small and have problems with some larger weapons.
You are too small for most types of armour.
You have supernaturally acute eyesight. (SInv)
You are a herbivore.
You cover ground extremely quickly.
You need to consume almost no food.


Message History

Aim: a spriggan, wielding a short sword and wearing a robe (umbra, chance to
Okay, then.
Casting: Ensorcelled Hibernation (safe; 13% risk of failure)
Confirm with . or Enter, or press ? or * to list all spells.
Okay, then.
There isn't anything here!
Casting: Ensorcelled Hibernation (safe; 13% risk of failure)
Confirm with . or Enter, or press ? or * to list all spells.
Aiming: Confuse (safe; 12% risk of failure)
Press: ? - help, Shift-Dir - straight line, f - spriggan
Aim: a spriggan, wielding a short sword and wearing a robe (umbra, chance to The spriggan appears confused.
The wolf bites you! The wolf completely misses you.
Casting: Confuse (safe; 12% risk of failure)
Confirm with . or Enter, or press ? or * to list all spells.
Aiming: Confuse (safe; 12% risk of failure)
Press: ? - help, Shift-Dir - straight line, f - wolf, p - spriggan
Aim: a wolf (umbra, chance to defeat MR: 45%)
The wolf resists with some effort.
The wolf bites you!
You die...

▓▓▓▓▓▓▓▓▓▓▓▓▓▓▓▓▓▓▓
▓.8©8.▓.8©8.▓.8©8.▓
▓."ZM.▓.)[).▓.....▓
▓.MZ..▓.....▓.†.†.▓
▓..i..▓.....▓.....▓
▓.....▓.....▓.....▓
▓...h.▓.....▓..©..▓
▓..@..▓..©..▓▓▓▓▓▓▓
▓▓▓▓▓▓▓▓▓▓▓▓▓


You could see a spriggan (confused), a wolf, 2 mummies, a bat zombie (dormant)
and a quokka zombie (dormant).

Vanquished Creatures
  A spriggan (D)
  An iguana (D)
  A river rat (D)
3 creatures vanquished.

Notes
Turn   | Place    | Note
-------+----------+-------------------------------------------
     0 | D        | Found the +6 Majin-Bo {vamp, Archmagi MP+6 Int+6}
     0 | D        | Found the +7 great mace "Firestarter" {inner flame, rF++}
     0 | D        | MuseOD the Spriggan Enchanter began the quest for the Orb.
     0 | D        | Reached XP level 1. HP: 9/9 MP: 5/5
     0 | D        | Found a blossoming altar of Fedhas.
     5 | D        | Found a viscous altar of Jiyva.
     5 | D        | Found a hazy altar of Hepliaklqana.
     5 | D        | Found a transporter.
     5 | D        | Found an opulent altar of Gozag.
     5 | D        | Found an ancient bone altar of Kikubaaqudgha.
     5 | D        | Found a corrupted altar of Lugonu.
    17 | D        | Became a worshipper of Dithmenos the Shadowed
    23 | D        | Found a burning altar of Makhleb.
    24 | D        | Found a stormy altar of Qazlal.
    24 | D        | Found a sacrificial altar of Ru.
    24 | D        | Found an iron altar of Okawaru.
    24 | D        | Found a deep blue altar of Sif Muna.
    24 | D        | Found a sparkling altar of Nemelex Xobeh.
    24 | D        | Found a bloodstained altar of Trog.
    31 | D        | Reached skill level 5 in Short Blades
    31 | D        | Reached skill level 7 in Stealth
    31 | D        | Reached XP level 2. HP: 16/16 MP: 6/6
    50 | D        | Entered arena 2.
    50 | D        | Found a transporter.
    54 | D        | Reached skill level 8 in Stealth
    54 | D        | Reached XP level 3. HP: 20/20 MP: 8/8
    60 | D        | Learned a level 3 spell: Confuse
    63 | D        | Learned a level 2 spell: Ensorcelled Hibernation
    69 | D        | Got the Incunabulum of Entrancing Protection
    75 | D        | Entered arena 3.
    75 | D        | Noticed a wolf
    75 | D        | Noticed a spriggan
    75 | D        | Noticed a spriggan
    75 | D        | Found a transporter.
    80 | D        | Killed a spriggan
    80 | D        | Reached * piety under Dithmenos
    80 | D        | Reached skill level 10 in Stealth
    80 | D        | Reached XP level 4. HP: 26/26 MP: 9/9
    80 | D        | Reached XP level 5. HP: 30/30 MP: 10/10
    86 | D        | Entered arena 4.
    86 | D        | Found a transporter.
    88 | D        | Slain by a wolf

Skill      XL: |  1  2  3 |
---------------+----------+-----
Fighting       | 2 3 4 |  4.9
Short Blades   | 5 6 9 |  9.4
Stealth        | 7 8 10 | 10.3
Dodging        | |  3.0
Spellcasting   | |  2.6
Hexes          | |  3.6

Action                   |  1- 3 |  4- 6 || total
-------------------------+-------+-------++-------
Melee: Quick blade       |     3 |     1 ||     4
 Cast: Confuse           |       |     2 ||     2
  Use: Potion            |     1 |       ||     1
 Stab: Sleeping          |     3 |       ||     3
Dodge: Dodged            |       |     7 ||     7
